 Dungeon Crawl Stone Soup version 0.18.1-1-g2f07953 (webtiles) character file.

2130 inmateoo the Grappler (level 9, -3/74 HPs)
             Began as a Ghoul Earth Elementalist on May 7, 2016.
             Slain by a tengu warrior
             ... wielding a +0 halberd
              (17 damage)
             ... on level 10 of the Dungeon.
             The game lasted 00:11:36 (4876 turns).

inmateoo the Grappler (Ghoul Earth Elementalist)    Turns: 4876, Time: 00:11:36

Health: -3/74      AC:  9    Str: 15    XL:     9   Next: 30%
Magic:  0/10       EV:  9    Int: 10    God:
Gold:   181        SH:  0    Dex:  9    Spells: 1 memorised, 10 levels left

rFire  + . .     SeeInvis .       - Unarmed
rCold  + . .     Gourm    .     e - +2 scale mail {rF+}
rNeg   + + +     Faith    .     (no shield)
rPois  ∞         Spirit   +     (no helmet)
rElec  .         Dismiss  .     (no cloak)
rCorr  .         Reflect  .     (no gloves)
SustAt .         Harm     .     (no boots)
MR     .....                    v - amulet of guardian spirit
Stlth  ..........               (no ring)
                                (no ring)

@: rotting, invisible, not resistant to hostile enchantments, extremely
unstealthy
A: rotting body, claws 1, carnivore 3, cold resistance 1, negative energy
resistance 3, slow regeneration 1, torment resistance, unbreathing
a: no special abilities


You were on level 10 of the Dungeon.
You were not hungry.

You visited 1 branch of the dungeon, and saw 9 of its levels.

You collected 397 gold pieces.
You spent 216 gold pieces at shops.

Inventory:

Missiles
 b - 70 stones (quivered)
Armour
 e - a +2 scale mail of fire resistance (worn)
Jewellery
 v - an amulet of guardian spirit (around neck)
 w - an uncursed ring of fire {unknown}
Wands
 y - a wand of acid (6/15)
Scrolls
 f - a scroll of amnesia {unknown}
 h - 9 scrolls of teleportation
 i - 2 scrolls of recharging {unknown}
 j - a scroll of immolation {unknown}
 k - 3 scrolls of enchant weapon {unknown}
 m - 5 scrolls of noise {unknown}
 n - 5 scrolls of remove curse {unknown}
 o - 3 scrolls of fog {unknown}
 r - a scroll of enchant armour {unknown}
 u - a scroll of identify
Potions
 p - 3 potions of flight
 q - 3 potions of cancellation
 s - a potion of invisibility
 t - a potion of brilliance
Books
 c - a book of Geomancy

   Spells                             Type                      Level
   a - Sandblast                      Earth                        1
   b - Passwall                       Transmutation/Earth          2
   c - Stone Arrow                    Conjuration/Earth            3
   d - Petrify                        Transmutation/Earth          4
   e - Lee's Rapid Deconstruction     Earth                        5
 x - a book of Cantrips

   Spells                             Type                      Level
   a - Corona                         Hexes                        1
   b - Animate Skeleton               Necromancy                   1
   c - Summon Small Mammal            Summoning                    1
   d - Apportation                    Translocation                1
Comestibles
 d - 3 meat rations
 l - 2 beef jerkies
 z - a slice of pizza


   Skills:
 + Level 5.1 Fighting
 + Level 3.9 Armour
 - Level 1.7 Dodging
 - Level 2.1 Stealth
 * Level 10.7 Unarmed Combat
 - Level 1.7 Spellcasting
   Level 0.8 Transmutations
 - Level 3.2 Earth Magic


You had 10 spell levels left.
You knew the following spells:

 Your Spells              Type           Power        Failure   Level  Hunger
a - Sandblast             Erth           #.....       34%         1    ##.....


Dungeon Overview and Level Annotations

Branches:
Dungeon (10/15)
 Temple: D:4-7         Lair: D:8-11         Orc: D:9-12

Altars:
Ashenzari
Dithmenos
Makhleb
Ru
Sif Muna
Trog
The Shining One

Shops:
D:4 [*[(*

Annotations:
D:2 Terence
D:5 exclusion: door


Innate Abilities, Weirdness & Mutations

Your body is rotting away.
You thrive on raw meat.
You are immune to poison.
You have sharp fingernails.
You are carnivorous and can eat meat at any time.
Your flesh is cold resistant.
You are immune to negative energy.
You regenerate slowly when monsters are visible.
You are immune to unholy pain and torment.
You can survive without breathing.


Message History

Okay, then.
Press: ? - help, v - describe, . - travel
Here: a tengu warrior, wielding a halberd and wearing a ring mail The floor.
Drink which item? (? for menu, Esc to quit)
You feel better. The orc wizard closely misses you.
The orc priest looks braver for a moment.
The tengu warrior hits you but does no damage.
The tengu warrior pecks you but does no damage.
The tengu warrior claws you but does no damage.
Unknown command.
Unknown command.
Unknown command.
Drink which item? (? for menu, Esc to quit)
Okay, then.
Drink which item? (? for menu, Esc to quit)
You fade into invisibility!
The orc barely misses you. The orc priest closely misses you.
The tengu warrior hits you with a halberd!!
You die...

.########
........#
#.....#
+..oQo#
#..oo@+
#.....oQ#
...###+#o
# .# .#
.# .. ..


You could see 2 tengu warriors, 2 orc priests, 2 orc wizards and 2 orcs.

Vanquished Creatures
  Pikel (D:6)
  Eustachio (D:6)
  A hungry ghost (D:7)
  2 ice beasts
  A slave (D:7)
  An ogre (D:4)
  A big kobold (D:7)
  A gnoll sergeant (D:5)
  A scorpion (D:7)
  2 crimson imps (D:5)
  A giant frog zombie (D:7)
  2 hounds
  A giant frog skeleton (D:5)
  5 orc priests
  Jessica (D:2)
  An iguana (D:4)
  6 orc wizards
  3 worker ants
  A worker ant zombie (D:7)
  5 gnolls
  7 adders
  A river rat (D:4)
  A shadow imp (D:5)
  2 oozes
  3 dart slugs
  4 giant geckos
  26 orcs
  6 bats
  6 giant cockroaches
  9 goblins
  7 hobgoblins
  9 jackals
  19 kobolds
  5 quokkas
  3 ball pythons
  2 giant newts (D:1)
  14 rats
162 creatures vanquished.

Notes
Turn   | Place    | Note
--------------------------------------------------------------
     0 | D:1      | inmateoo the Ghoul Earth Elementalist began the quest for the Orb.
     0 | D:1      | Reached XP level 1. HP: 14/14 MP: 2/2
    62 | D:1      | Reached skill level 1 in Unarmed Combat
   175 | D:1      | Reached XP level 2. HP: 13/19 MP: 3/3
   181 | D:1      | Reached skill level 2 in Unarmed Combat
   519 | D:1      | Reached XP level 3. HP: 26/26 MP: 4/4
   616 | D:2      | Reached skill level 3 in Unarmed Combat
   820 | D:2      | Reached skill level 4 in Unarmed Combat
   820 | D:2      | Reached XP level 4. HP: 17/33 MP: 5/5
   839 | D:2      | Noticed Terence
   871 | D:3      | Found a shadowy altar of Dithmenos.
  1115 | D:3      | Reached skill level 5 in Unarmed Combat
  1115 | D:3      | Reached XP level 5. HP: 13/38 MP: 6/6
  1690 | D:2      | Noticed Jessica
  1696 | D:2      | Killed Jessica
  1696 | D:2      | Reached skill level 6 in Unarmed Combat
  1886 | D:3      | Reached XP level 6. HP: 42/45 MP: 7/7
  1994 | D:3      | Found a sacrificial altar of Ru.
  2313 | D:4      | Found a glowing golden altar of the Shining One.
  2329 | D:4      | Found Seahur's Antique Armour Shoppe.
  2354 | D:4      | Reached skill level 7 in Unarmed Combat
  2422 | D:4      | Bought a runed scale mail for 108 gold pieces
  2491 | D:4      | Found Nudush's Assorted Antiques.
  2514 | D:4      | Bought a potion of curing for 87 gold pieces
  2516 | D:4      | Found Giggafor's Antique Armour Boutique.
  2567 | D:4      | Found Tokaf's Weapon Shop.
  2572 | D:4      | Reached XP level 7. HP: 32/50 MP: 8/8
  2583 | D:4      | Found Buwkojedd's Assorted Antiques.
  2590 | D:4      | Bought a yellow potion for 21 gold pieces
  2704 | D:4      | Reached skill level 1 in Fighting
  2879 | D:4      | Reached skill level 8 in Unarmed Combat
  3070 | D:5      | Entered Level 5 of the Dungeon
  3212 | D:6      | Found a shattered altar of Ashenzari.
  3213 | D:6      | Noticed Eustachio
  3309 | D:5      | Reached skill level 1 in Armour
  3415 | D:5      | Reached XP level 8. HP: 40/62 MP: 9/9
  3461 | D:5      | Found a deep blue altar of Sif Muna.
  3686 | D:5      | Reached skill level 9 in Unarmed Combat
  3832 | D:6      | Killed Eustachio
  4109 | D:6      | Noticed Pikel
  4136 | D:6      | Killed Pikel
  4136 | D:6      | Reached skill level 10 in Unarmed Combat
  4136 | D:6      | Reached XP level 9. HP: 57/73 MP: 7/10
  4334 | D:6      | Found a burning altar of Makhleb.
  4336 | D:6      | Found a bloodstained altar of Trog.
  4728 | D:7      | Reached skill level 5 in Fighting
  4843 | D:7      | You fall through a shaft for 2 floors!
  4843 | D:9      | Noticed a troll
  4865 | D:10     | Entered Level 10 of the Dungeon
  4874 | D:10     | Noticed a tengu warrior
  4874 | D:10     | Noticed a tengu warrior
  4876 | D:10     | Slain by a tengu warrior

Skill      XL: |  1  2  3  4  5  6  7  8  9 |
---------------+----------------------------+-----
Unarmed Combat | 1 2 4 5 6 7 8 10 | 10.7
Fighting       | 2 4 5 |  5.1
Armour         | 1 3 |  3.9
Dodging        | |  1.7
Stealth        | |  2.1
Spellcasting   | |  1.7
Transmutations | |  0.8
Earth Magic    | |  3.2

Action                   |  1- 3 |  4- 6 |  7- 9 || total
-------------------------+-------+-------+-------++-------
Melee: Unarmed           |   109 |   269 |   328 ||   706
       Punch             |     1 |     5 |     9 ||    15
Throw: Stone             |     2 |       |       ||     2
 Cast: Sandblast         |    11 |     3 |       ||    14
Evoke: Wand              |       |     2 |       ||     2
  Use: Scroll            |     3 |     4 |     7 ||    14
       Potion            |       |     2 |     2 ||     4
 Stab: Paralysed         |       |     1 |       ||     1
  Eat: Chunk             |     7 |    33 |    31 ||    71
Armor: Leather armour    |    22 |    12 |       ||    34
       Robe              |     3 |       |       ||     3
       Ring mail         |       |    57 |       ||    57
       Scale mail        |       |     6 |   186 ||   192
Dodge: Dodged            |    65 |   138 |   123 ||   326
